[ AOE2 MATCH · #506786094 ]
UnrankedTeutons vs Tatars
Player's team · WIN
Rival team · LOSS
[ REPLAY ANALYSIS · EXTRACTED FROM THE RECORDED GAME ]
Feudal
9:17
Castle
22:36
Imperial
36:55
| APM avg | 32.8 |
| APM peak | 73 |
| eAPM avg | 16.1 |
| Villagers / military | 215 / 184 |
Focus
⚔️ 30.4% · 🌾 69.6%
Knight ×146 · Monk ×17 · Mangonel ×15 · Trade Cart ×7 · Bombard Cannon ×6
Feudal
8:54
Castle
25:46
Imperial
37:43
| APM avg | 56.9 |
| APM peak | 127 |
| eAPM avg | 23.8 |
| Villagers / military | 163 / 169 |
Focus
⚔️ 31.2% · 🌾 68.8%
Spearman ×78 · Cavalry Archer ×61 · Scout Cavalry ×23 · Knight ×4 · Trebuchet (Packed) ×2 · Monk ×1
Match map
Initial resources + every placement click. Lines = walls · curves = elevation contours. ◆ gold · ⬟ stone · ● berries · ✦ relic · ◌ wall gap
Your base· Open — unwalled flank
solidair's base· Open — 7t gap
Smoothed initial terrain · ◌ = detected wall gap · hover for details
Inputs per minute
— VENI.VIDI.VICI. - - solidair
Build order — VENI.VIDI.VICI.
First 150 of 400 actions detected
| 0:01 | Queue | Villager (Male) |
| 0:01 | Queue | Villager (Male) |
| 0:01 | Queue | Villager (Male) |
| 0:01 | Queue | Villager (Male) |
| 0:02 | Build | House |
| 0:04 | Build | House |
| 1:30 | Queue | Villager (Male) |
| 1:30 | Queue | Villager (Male) |
| 1:31 | Queue | Villager (Male) |
| 1:31 | Queue | Villager (Male) |
| 2:14 | Queue | Villager (Male) |
| 2:14 | Queue | Villager (Male) |
| 2:14 | Queue | Villager (Male) |
| 2:14 | Queue | Villager (Male) |
| 2:14 | Queue | Villager (Male) |
| 2:23 | Build | Lumber Camp |
| 2:30 | Queue | Villager (Male) |
| 2:30 | Queue | Villager (Male) |
| 2:30 | Queue | Villager (Male) |
| 2:30 | Queue | Villager (Male) |
| 3:07 | Queue | Villager (Male) |
| 3:07 | Queue | Villager (Male) |
| 3:07 | Queue | Villager (Male) |
| 3:07 | Queue | Villager (Male) |
| 3:07 | Queue | Villager (Male) |
| 3:56 | Queue | Villager (Male) |
| 3:57 | Queue | Villager (Male) |
| 3:57 | Queue | Villager (Male) |
| 4:41 | Queue | Villager (Male) |
| 4:41 | Queue | Villager (Male) |
| 4:41 | Queue | Villager (Male) |
| 4:57 | Build | Mill |
| 5:12 | Build | House |
| 5:46 | Queue | Villager (Male) |
| 5:46 | Queue | Villager (Male) |
| 5:46 | Queue | Villager (Male) |
| 5:46 | Queue | Villager (Male) |
| 5:46 | Queue | Villager (Male) |
| 6:14 | Build | Mining Camp |
| 6:15 | Queue | Villager (Male) |
| 6:15 | Queue | Villager (Male) |
| 6:15 | Queue | Villager (Male) |
| 6:15 | Queue | Villager (Male) |
| 6:38 | Research | Loom |
| 7:07 | Research | Feudal Age |
| 9:17 | Age | Feudal Age |
| 9:31 | Build | Watch Tower |
| 9:43 | Build | House |
| 9:53 | Queue | Villager (Male) |
| 9:54 | Queue | Villager (Male) |
| 9:54 | Queue | Villager (Male) |
| 10:32 | Build | Watch Tower |
| 10:42 | Research | Double-Bit Axe |
| 10:42 | Research | Double-Bit Axe |
| 10:42 | Research | Double-Bit Axe |
| 10:42 | Research | Double-Bit Axe |
| 11:20 | Queue | Villager (Male) |
| 11:20 | Queue | Villager (Male) |
| 11:20 | Queue | Villager (Male) |
| 11:20 | Queue | Villager (Male) |
| 11:42 | Build | Watch Tower |
| 11:45 | Build | House |
| 11:59 | Build | Farm |
| 11:59 | Build | Farm |
| 12:00 | Build | Farm |
| 12:00 | Build | Farm |
| 12:00 | Build | Farm |
| 12:00 | Build | Farm |
| 12:00 | Build | Farm |
| 12:01 | Build | Farm |
| 12:12 | Build | House |
| 12:16 | Build | Palisade Wall |
| 13:48 | Queue | Villager (Male) |
| 13:48 | Queue | Villager (Male) |
| 13:48 | Queue | Villager (Male) |
| 13:49 | Queue | Villager (Male) |
| 14:10 | Queue | Villager (Male) |
| 14:10 | Queue | Villager (Male) |
| 14:10 | Queue | Villager (Male) |
| 14:14 | Build | Farm |
| 14:14 | Build | Farm |
| 14:14 | Build | Farm |
| 14:14 | Build | Farm |
| 14:15 | Build | Farm |
| 14:15 | Build | Farm |
| 14:15 | Build | Farm |
| 14:15 | Build | Farm |
| 14:16 | Build | Farm |
| 14:43 | Build | Watch Tower |
| 15:52 | Build | Blacksmith |
| 16:18 | Research | Horse Collar |
| 16:18 | Research | Horse Collar |
| 16:18 | Research | Horse Collar |
| 16:34 | Research | Fletching |
| 16:45 | Queue | Villager (Male) |
| 16:45 | Queue | Villager (Male) |
| 16:47 | Research | Wheelbarrow |
| 17:09 | Build | Mining Camp |
| 17:50 | Build | Watch Tower |
| 18:24 | Queue | Villager (Male) |
| 18:43 | Build | House |
| 19:19 | Build | Market |
| 19:56 | Research | Castle Age |
| 21:19 | Build | Watch Tower |
| 22:07 | Build | Watch Tower |
| 22:36 | Age | Castle Age |
| 22:38 | Build | Siege Workshop |
| 22:45 | Build | House |
| 22:46 | Build | House |
| 22:48 | Queue | Villager (Male) |
| 22:48 | Queue | Villager (Male) |
| 22:48 | Queue | Villager (Male) |
| 22:48 | Queue | Villager (Male) |
| 22:49 | Queue | Villager (Male) |
| 22:49 | Queue | Villager (Male) |
| 23:10 | Queue | Mangonel |
| 23:37 | Build | Mining Camp |
| 23:54 | Queue | Mangonel |
| 24:10 | Research | Bodkin Arrow |
| 24:23 | Build | House |
| 24:24 | Build | House |
| 24:54 | Queue | Mangonel |
| 24:55 | Queue | Mangonel |
| 25:21 | Queue | Villager (Male) ×5 |
| 25:21 | Queue | Villager (Male) ×5 |
| 25:21 | Queue | Villager (Male) |
| 25:21 | Queue | Villager (Male) |
| 25:55 | Queue | Villager (Male) |
| 25:55 | Queue | Villager (Male) |
| 25:55 | Queue | Villager (Male) |
| 25:55 | Queue | Villager (Male) |
| 26:35 | Queue | Mangonel |
| 26:35 | Queue | Mangonel |
| 27:19 | Build | Town Center |
| 27:54 | Build | Monastery |
| 28:05 | Queue | Villager (Male) |
| 28:05 | Queue | Villager (Male) |
| 28:05 | Queue | Villager (Male) |
| 28:05 | Queue | Villager (Male) |
| 28:05 | Queue | Villager (Male) |
| 28:05 | Queue | Villager (Male) |
| 28:05 | Queue | Villager (Male) |
| 28:16 | Queue | Villager (Male) |
| 28:16 | Queue | Villager (Male) |
| 28:16 | Queue | Villager (Male) |
| 28:16 | Queue | Villager (Male) |
| 28:16 | Queue | Villager (Male) |
| 28:16 | Queue | Villager (Male) |
| 28:30 | Queue | Monk |
| 28:42 | Build | Farm |
Build order — solidair
First 150 of 465 actions detected
| 0:00 | Queue | Villager (Male) ×4 |
| 0:02 | Build | House |
| 0:04 | Build | House |
| 1:35 | Queue | Villager (Male) |
| 1:55 | Queue | Villager (Male) |
| 2:23 | Build | Lumber Camp |
| 2:29 | Queue | Villager (Male) |
| 2:40 | Queue | Villager (Male) |
| 3:11 | Queue | Villager (Male) |
| 3:28 | Queue | Villager (Male) |
| 4:06 | Queue | Villager (Male) |
| 4:24 | Queue | Villager (Male) |
| 4:37 | Queue | Villager (Male) |
| 4:52 | Queue | Villager (Male) |
| 5:02 | Queue | Villager (Male) |
| 5:11 | Queue | Villager (Male) |
| 5:31 | Queue | Villager (Male) |
| 5:44 | Build | Mill |
| 6:00 | Research | Loom |
| 6:44 | Research | Feudal Age |
| 7:02 | Build | Lumber Camp |
| 7:28 | Build | Barracks |
| 7:46 | Build | House |
| 7:48 | Build | Palisade Wall |
| 7:50 | Build | Palisade Wall |
| 8:33 | Build | Palisade Wall |
| 8:34 | Build | Palisade Wall |
| 8:54 | Age | Feudal Age |
| 9:01 | Build | Stable |
| 9:08 | Queue | Villager (Male) |
| 9:15 | Queue | Villager (Male) |
| 9:19 | Research | Double-Bit Axe |
| 9:24 | Queue | Spearman |
| 9:28 | Build | House |
| 9:54 | Build | Watch Tower |
| 9:55 | Queue | Scout Cavalry |
| 9:55 | Queue | Scout Cavalry |
| 10:14 | Queue | Villager (Male) |
| 10:18 | Build | Mining Camp |
| 10:32 | Build | House |
| 10:35 | Queue | Villager (Male) |
| 11:01 | Build | House |
| 11:02 | Build | Palisade Wall |
| 11:02 | Build | Palisade Wall |
| 11:24 | Queue | Villager (Male) |
| 12:03 | Queue | Villager (Male) |
| 12:09 | Build | House |
| 12:28 | Queue | Villager (Male) |
| 12:33 | Build | Mining Camp |
| 12:40 | Queue | Villager (Male) |
| 12:45 | Build | House |
| 12:46 | Build | House |
| 13:08 | Queue | Villager (Male) |
| 13:26 | Queue | Villager (Male) |
| 13:40 | Queue | Villager (Male) |
| 13:46 | Queue | Villager (Male) |
| 13:51 | Build | Farm |
| 14:09 | Queue | Villager (Male) |
| 14:26 | Build | Market |
| 14:42 | Build | Watch Tower |
| 15:02 | Build | Farm |
| 15:07 | Queue | Villager (Male) |
| 15:23 | Build | Mining Camp |
| 15:26 | Queue | Villager (Male) |
| 15:53 | Build | House |
| 15:54 | Build | House |
| 16:00 | Queue | Villager (Male) |
| 16:12 | Build | Farm |
| 16:20 | Queue | Villager (Male) |
| 16:28 | Build | Palisade Wall |
| 16:30 | Build | Palisade Wall |
| 16:34 | Build | House |
| 16:40 | Build | House |
| 16:41 | Build | Palisade Wall |
| 16:42 | Build | House |
| 16:45 | Queue | Villager (Male) |
| 17:21 | Queue | Villager (Male) |
| 17:42 | Build | Farm |
| 17:46 | Build | Farm |
| 17:47 | Build | Farm |
| 17:49 | Build | Farm |
| 17:55 | Build | Mill |
| 17:55 | Build | Farm |
| 17:56 | Build | Farm |
| 17:56 | Build | Farm |
| 17:56 | Build | Farm |
| 18:00 | Build | House |
| 18:06 | Research | Horse Collar |
| 18:06 | Research | Horse Collar |
| 18:23 | Build | Palisade Wall |
| 18:26 | Queue | Villager (Male) |
| 18:37 | Build | Farm |
| 18:38 | Build | Farm |
| 18:49 | Build | Watch Tower |
| 18:56 | Queue | Villager (Male) |
| 19:17 | Queue | Villager (Male) |
| 19:27 | Build | Blacksmith |
| 19:34 | Build | Farm |
| 19:39 | Queue | Villager (Male) |
| 19:51 | Build | Farm |
| 19:53 | Build | Farm |
| 19:59 | Build | Palisade Wall |
| 20:01 | Build | Farm |
| 20:07 | Queue | Villager (Male) |
| 20:24 | Research | Fletching |
| 20:32 | Build | Farm |
| 20:33 | Queue | Villager (Male) |
| 20:38 | Build | Farm |
| 20:55 | Queue | Villager (Male) |
| 21:01 | Build | Farm |
| 21:07 | Queue | Villager (Male) |
| 21:19 | Build | Farm |
| 21:21 | Build | Farm |
| 21:39 | Research | Wheelbarrow |
| 22:13 | Research | Castle Age |
| 22:13 | Research | Castle Age |
| 22:55 | Build | Palisade Wall |
| 24:12 | Research | Scale Barding Armor |
| 24:19 | Queue | Villager (Male) |
| 25:01 | Research | Forging |
| 25:46 | Age | Castle Age |
| 25:52 | Build | Castle |
| 25:57 | Queue | Knight |
| 25:57 | Queue | Knight |
| 26:19 | Build | House |
| 26:30 | Queue | Knight |
| 26:34 | Queue | Knight |
| 27:20 | Build | Town Center |
| 27:38 | Build | House |
| 28:31 | Research | Bow Saw |
| 28:33 | Build | House |
| 28:34 | Build | Farm |
| 28:38 | Build | Farm |
| 28:54 | Research | Bodkin Arrow |
| 28:59 | Queue | Villager (Male) |
| 29:00 | Queue | Villager (Male) |
| 29:11 | Research | Bloodlines |
| 29:19 | Build | Archery Range |
| 29:45 | Build | House |
| 29:55 | Build | Stone Wall |
| 29:58 | Queue | Villager (Male) |
| 29:58 | Queue | Villager (Male) |
| 30:23 | Queue | Cavalry Archer |
| 30:24 | Queue | Cavalry Archer |
| 30:28 | Research | Husbandry |
| 30:41 | Queue | Villager (Male) |
| 30:51 | Queue | Villager (Male) |
| 30:56 | Queue | Cavalry Archer |
| 30:58 | Research | Padded Archer Armor |
| 31:08 | Build | Town Center |
Match timeline
| 7:28 | solidair · first_building Barracks |
| 7:48 | solidair · wall_segment Palisade Wall x2 |
| 7:50 | solidair · wall_segment Palisade Wall x1 |
| 8:33 | solidair · wall_segment Palisade Wall x3 |
| 8:34 | solidair · wall_segment Palisade Wall x6 |
| 8:54 | solidair · age_up feudal |
| 9:01 | solidair · first_building Stable |
| 9:17 | VENI.VIDI.VICI. · age_up feudal |
| 11:02 | solidair · wall_segment Palisade Wall x5 |
| 11:02 | solidair · wall_segment Palisade Wall x2 |
| 12:16 | VENI.VIDI.VICI. · wall_segment Palisade Wall x1 |
| 16:28 | solidair · wall_segment Palisade Wall x2 |
| 16:30 | solidair · wall_segment Palisade Wall x9 |
| 16:41 | solidair · wall_segment Palisade Wall x1 |
| 18:23 | solidair · wall_segment Palisade Wall x9 |
| 18:42 | solidair · first_market_sell 100 stone |
| 19:53 | VENI.VIDI.VICI. · first_market_sell 100 food |
| 19:59 | solidair · wall_segment Palisade Wall x1 |
| 21:16 | solidair · first_market_buy 100 food |
| 22:33 | VENI.VIDI.VICI. · first_market_buy 100 wood |
| 22:36 | VENI.VIDI.VICI. · age_up castle |
| 22:38 | VENI.VIDI.VICI. · first_building Siege Workshop |
| 22:55 | solidair · wall_segment Palisade Wall x1 |
| 25:46 | solidair · age_up castle |
| 25:52 | solidair · first_building Castle |
| 27:54 | VENI.VIDI.VICI. · first_building Monastery |
| 29:19 | solidair · first_building Archery Range |
| 29:55 | solidair · wall_segment Stone Wall x2 |
| 32:14 | VENI.VIDI.VICI. · first_building Barracks |
| 32:23 | solidair · first_building Monastery |
| 32:28 | solidair · wall_segment Palisade Wall x2 |
| 33:43 | VENI.VIDI.VICI. · first_building Stable |
| 36:55 | VENI.VIDI.VICI. · age_up imperial |
| 37:43 | solidair · age_up imperial |
| 38:15 | VENI.VIDI.VICI. · wall_segment Stone Wall x19 |
| 38:33 | solidair · wall_segment Palisade Wall x3 |
| 38:56 | VENI.VIDI.VICI. · wall_segment Stone Wall x1 |
| 39:21 | VENI.VIDI.VICI. · first_building Castle |
| 39:33 | VENI.VIDI.VICI. · wall_segment Stone Wall x11 |
| 45:32 | solidair · wall_segment Stone Wall x6 |
| 46:54 | solidair · wall_segment Stone Wall x1 |
| 47:03 | solidair · wall_segment Palisade Wall x2 |
| 48:13 | solidair · wall_segment Stone Wall x4 |
| 51:39 | solidair · wall_segment Stone Wall x3 |
| 51:45 | solidair · wall_segment Stone Wall x8 |
| 52:04 | solidair · wall_segment Stone Wall x1 |
| 52:07 | solidair · wall_segment Stone Wall x13 |
| 54:45 | solidair · wall_segment Palisade Wall x1 |
| 55:11 | solidair · wall_segment Stone Wall x15 |
| 57:34 | solidair · first_building Siege Workshop |
| 62:56 | solidair · resign |
[ AI ANALYSIS · 1 CREDIT ]
What really happened in this match?
Wolo.gg analyzes every decision: build order, eco, micro, common mistakes by bracket. Personalized analysis on WhatsApp or Discord in 30 seconds.
Civ guide
Teutons
Perfil
Jugador #4507158